 Dungeon Crawl Stone Soup version 0.25-a0-780-g622e69b31f (webtiles) character file.

Game seed: 2847566438733493015, levelgen mode: deterministic

338504 catzilla the Minotaur Barricade (level 21, -1/179 HPs)
             Began as a Minotaur Berserker on Apr 14, 2020.
             Was a High Priest of Trog.
             Killed from afar by a storm dragon (11 damage)
             ... with a bolt of lightning
             ... on level 5 of the Vaults.
             The game lasted 03:32:22 (39707 turns).

catzilla the Minotaur Barricade (MiBe)             Turns: 39707, Time: 03:32:23

Health: -1/179     AC: 31    Str: 34    XL:     21   Next: 3%
Magic:  22/22      EV: 11    Int:  5    God:    Trog [*****.]
Gold:   3409       SH: 39    Dex: 11    Spells: 20/20 levels left

rFire    . . .     SeeInvis +   a - +8 mithril axe "Arga" {speed, MR+}
rCold    . . .     Gourm    .   U - +11 tower shield of Aqisesm {rElec}
rNeg     . . .     Faith    .   n - +4 plate armour
rPois    +         Spirit   .   (helmet restricted)
rElec    +         Reflect  .   R - +0 cloak
rCorr    .         Harm     .   M - +2 pair of gloves {archery}
MR       ++...                  s - +2 pair of boots
Stlth    ..........             r - amulet of Zuocuh {Acrobat Str+6 Dex-2}
HPRegen  0.39/turn              y - ring of poison resistance
MPRegen  0.18/turn              P - ring of see invisible

@: hasted, very quick
A: retaliatory headbutt, horns 2, frail 1, high mp 1
}: 2/15 runes: decaying, gossamer
a: Berserk, Trog's Hand, Brothers in Arms, Renounce Religion


You were on level 5 of the Vaults.
You worshipped Trog.
Trog was extremely pleased with you.
You were hungry.

You visited 6 branches of the dungeon, and saw 36 of its levels.
You visited 1 bazaar.
You also visited: Sewer and Ossuary.

You collected 3591 gold pieces.
You spent 182 gold pieces at shops.

Inventory:

Hand Weapons
 a - the +8 mithril axe "Arga" (weapon) {speed, MR+}
   (Trog gifted it to you on level 9 of the Dungeon)

   Attacks with this weapon are significantly faster.
   It affects your resistance to hostile enchantments.
 b - a +5 broad axe of flaming
 f - the +9 mace of Gyqycoub {venom, rPois rF+ rN+ Dex+2}
   (You found it on level 10 of the Dungeon)

   It poisons the flesh of those it strikes.
   It affects your dexterity (+2).
   It protects you from fire.
   It protects you from poison.
   It protects you from negative energy.
 v - a +3 antimagic broad axe
Missiles
 I - 679 bolts (quivered)
Armour
 n - a +4 plate armour (worn)
 s - a +2 pair of boots (worn)
 M - a +2 pair of gloves of archery (worn)
 R - a +0 cloak (worn)
 U - the +11 tower shield of Aqisesm (worn) {rElec}
   (You found it on level 13 of the Dungeon)

   It insulates you from electricity.
Jewellery
 g - an uncursed ring of protection from fire
 l - a +2 ring of evasion {unknown}
 r - the amulet of Zuocuh (around neck) {Acrobat Str+6 Dex-2}
   (You found it in a sewer)

   [amulet of the acrobat]

   It helps you evade while moving and waiting.
   It affects your strength (+6).
   It affects your dexterity (-2).
 y - a ring of poison resistance (left hand)
 D - an uncursed ring of ice
 P - a ring of see invisible (right hand)
Wands
 k - a wand of iceblast (33)
 o - a wand of paralysis (38)
 q - a wand of digging (10)
 K - a wand of acid (13)
 N - a wand of scattershot (6)
 O - a wand of clouds (4)
 Q - a wand of flame (96)
Scrolls
 m - 13 scrolls of remove curse
 t - 6 scrolls of magic mapping
 w - 5 scrolls of identify
 x - a scroll of acquirement {unknown}
 A - 2 scrolls of fear
 E - a scroll of silence
 G - a scroll of enchant weapon
 H - 5 scrolls of fog
 L - 6 scrolls of teleportation
Potions
 d - 6 potions of brilliance
 e - 2 potions of haste
 h - 6 potions of ambrosia
 i - 16 potions of curing
 j - 6 potions of flight
 p - 6 potions of stabbing
 u - 5 potions of invisibility
 z - 2 potions of berserk rage
 B - 2 potions of resistance
 J - 6 potions of mutation
 V - 6 potions of heal wounds
Comestibles
 c - 68 rations
 F - 24 chunks of flesh


   Skills:
 + Level 19.4 Fighting
 - Level 18.0(19.0) Axes
 - Level 11.6(16.0) Maces & Flails
 + Level 16.9 Armour
 - Level 6.1 Dodging
 - Level 0.2 Stealth
 O Level 27 Shields


You had 20 spell levels left.
You didn't know any spells.
Your spell library was empty.

Dungeon Overview and Level Annotations

Branches:
Dungeon (15/15)            Temple (0/1) D:6            Lair (6/6) D:10
  Swamp (4/4) Lair:4       Spider (4/4) Lair:4        Slime (0/5) Lair:6
    Orc (2/2) D:12            Elf (0/3) Orc:2        Vaults (5/5) D:13
  Crypt (0/3) Vaults:3     Depths (0/5) D:15          Sewer (visited)
Ossuary (visited)

Altars:
Cheibriados
Elyvilon
Fedhas
Nemelex Xobeh
Qazlal
Ru
Sif Muna
Uskayaw
Vehumet
Wu Jian
Yredelemnul
The Shining One

Shops:
D:6 !   D:13 =   D:14 !(?::   Orc:1 :   Orc:2 }[?!   Vaults:1 }

Portals:
Pandemonium: Orc:2

Annotations:
D:6 1 runed translucent door
Lair:1 exclusion: oklob plant
Swamp:1 2 transporters
Swamp:3 1 runed translucent door, Hamuuvek's ghost, adept KoAM


Innate Abilities, Weirdness & Mutations

You reflexively headbutt those who attack you in melee.
You have a pair of horns on your head.
You are frail. (-10% HP)
You have an increased reservoir of magic. (+10% MP)


Message History

The barrage of energy hits you!!
* * * LOW HITPOINT WARNING * * *
You slash the tengu reaver! You headbutt the tengu reaver!
The tengu reaver is severely wounded.
The deep elf elementalist hits your troll with a +0 long sword!
Your troll dies!
Your troll's corpse disappears in a puff of smoke!
You carve the tengu reaver like a turkey!!!
You kill the tengu reaver!
Trog accepts your kill.
Trog appreciates your killing of a magic user.
The battlesphere dissipates.
You closely miss the quicksilver dragon.
The phantasmal warrior blinks!
You slice the quicksilver dragon!!
The quicksilver dragon is heavily wounded.
You slash the ironheart preserver!
The storm dragon breathes lightning at you.
The bolt of lightning hits you! You resist.
You die...

........#....
.........c..
#...Zp....#######
.....<<))........
?...<.p<[cp..)..c
.....<§pcDcc.....
.......Zcp.......
##...DDccH#########
........peD@.......
##.#..W.#)p§.......
#.#....#..####...#
. #....#○.. #..
#....#.... . #...
#.D## #.. #... #..#


You could see an ironheart preserver, 3 storm dragons, a quicksilver dragon, a
sphinx, a vault guard, a deep elf elementalist, a vault sentinel, a phantasmal
warrior, an ironbrand convoker, 3 yaktaurs, a frost giant simulacrum and an iron
dragon zombie.

Vanquished Creatures
  Bai Suzhen (Swamp:3)
  Xtahua (Vaults:4)
  Jorgrun (Swamp:2)
  A titan (Vaults:4)
  2 sphinxes (Vaults:4)
  5 thorn hunters
  Donald (Swamp:2)
  4 tengu reavers
  A fire giant (Vaults:4)
  5 ghost moths
  A ghoul (Vaults:3)
  3 emperor scorpions (Spider:4)
  6 vault wardens
  17 ironheart preservers
  6 very ugly things
  6 stone giants
  2 entropy weavers
  A vampire knight (Vaults:3)
  A dire elephant (D:15)
  A deep elf demonologist (Vaults:4)
  A spark wasp (Spider:4)
  A deep elf death mage (Vaults:3)
  An ettin (Vaults:3)
  6 yaktaur captains
  2 green deaths (Swamp:4)
  2 death oozes (Swamp:4)
  4 great orbs of eyes
  3 fire dragons
  Josephine (D:15)
  A hell beast (Swamp:4)
  2 ice dragons
  25 vault guards
  4 ghost crabs
  4 shambling mangroves
  12 centaur warriors
  14 hydras
  3 tengu warriors (D:15)
  21 alligators
  14 ogre magi
  25 two-headed ogres
  A deep troll shaman (Vaults:3)
  A dancing weapon (Vaults:5)
  8 death scarabs (Spider:4)
  A deep troll earth mage (Vaults:3)
  2 soul eaters
  Nergalle (Orc:1)
  5 deep elf knights
  6 orc high priests (Orc:2)
  A storm dragon zombie (Vaults:2)
  A sixfirhy (Orc:2)
  A shadow wraith (Vaults:3)
  9 skeletal warriors
  An infernal demonspawn (Orc:2)
  A torturous demonspawn (Orc:2)
  3 spriggan druids
  An unseen horror (shapeshifter) (Vaults:3)
  A spectral emperor scorpion (Spider:4)
  2 gelid demonspawn (Orc:2)
  10 deep trolls
  An unseen horror (Vaults:1)
  A flayed ghost (Vaults:1)
  10 ironbrand convokers
  4 wizards
  13 harpies
  3 spectral wolf spiders (Spider:4)
  4 necromancers
  8 swamp dragons
  A sphinx zombie (Vaults:2)
  5 deep elf archers
  13 wolf spiders
  A harpy (shapeshifter) (Vaults:3)
  30 ugly things
  9 orc knights
  A lindwurm (Lair:6)
  16 deep elf magi
  12 orb spiders
  3 manticores
  6 orc sorcerers
  2 moths of wrath
  A frost giant zombie (Vaults:2)
  A salamander (D:15)
  6 cyclopes
  A shining eye (shapeshifter) (Vaults:2)
  11 vault sentinels
  An orange demon (Swamp:4)
  12 elephants
  8 torpor snails
  5 black mambas
  3 gargoyles
  A spiny frog (shapeshifter) (Vaults:2)
  18 spiny frogs
  7 komodo dragons
  4 spectral redbacks (Spider:4)
  Maggie (D:9)
  4 redback zombies (Spider:4)
  19 yaktaurs
  A rime drake (Lair:4)
  2 freezing wraiths
  19 demonic crawlers
  An ice devil (Orc:2)
  A tengu conjurer (D:13)
  A queen bee (shapeshifter) (Vaults:2)
  13 tyrant leeches
  A red devil (Orc:2)
  A queen bee (Lair:2)
  22 jumping spiders
  A wind drake (shapeshifter) (Vaults:2)
  A polar bear (shapeshifter) (Vaults:2)
  A jumping spider zombie (Spider:4)
  3 spectral tarantellas (Spider:4)
  8 trolls
  11 polar bears
  11 bog bodies
  A tengu simulacrum (Vaults:2)
  14 blink frogs
  46 slime creatures
  9 dream sheep
  29 hornets
  2 tarantella zombies (Spider:4)
  5 raiju (Lair:6)
  A stone giant simulacrum (Vaults:2)
  A blink frog (shapeshifter) (Vaults:1)
  3 spectral jumping spiders (Spider:4)
  10 hippogriffs
  8 shadows
  42 tarantellas
  3 wyverns
  8 spriggans
  53 yaks
  53 redbacks
  7 wraiths
  A vampire (D:11)
  3 ynoxinuls (Orc:2)
  Grum (Lair:1)
  2 basilisks
  8 humans (D:13)
  8 wargs
  9 insubstantial wisps
  9 swamp worms
  2 hungry ghosts
  30 vampire mosquitoes
  A small abomination (Swamp:4)
  A deep troll zombie (Vaults:2)
  3 acid dragons
  A water moccasin (shapeshifter) (Vaults:5)
  9 water moccasins
  12 hell hounds (Lair:6)
  10 porcupines
  A spectral hornet (Spider:4)
  4 swamp drakes
  4 sky beasts
  54 orc warriors
  7 ice beasts
  A black bear (shapeshifter) (Vaults:3)
  13 black bears
  36 ogres
  3 boggarts
  20 wolves
  32 centaurs
  14 crocodiles
  4 elf zombies
  12 bullfrogs
  2 human skeletons (Vaults:2)
  A wyvern zombie (D:15)
  6 scorpions
  8 wights
  37 killer bees
  2 electric eels (Spider:1)
  3 howler monkeys
  4 centaur zombies
  8 crimson imps
  3 bullfrog zombies
  7 jellies
  4 bullfrog skeletons
  4 hounds
  36 orc priests
  3 centaur skeletons
  A gnoll shaman (D:8)
  8 human zombies
  32 orc wizards
  2 iguanas
  2 hell rats (Lair:3)
  7 worker ants
  3 mummies (Ossuary)
  A hound zombie (D:9)
  A hound skeleton (D:5)
  A worker ant zombie (D:5)
  11 adders
  9 gnolls
  7 river rats (Lair:3)
  2 shadow imps (D:12)
  6 oozes
  2 adder skeletons (D:5)
  5 worms
  4 dart slugs
  7 leopard geckos
  138 orcs
  9 giant cockroaches
  3 goblins
  7 hobgoblins
  9 jackals
  4 quokkas
  7 ball pythons
  8 bats
  10 frilled lizards
  6 kobolds
  A leopard gecko zombie (D:7)
  13 rats
  2 briar patches (Swamp:4)
  3 fungi
  2 plants
1683 creatures vanquished.

Vanquished Creatures (collateral kills)
  A tentacled monstrosity (Vaults:5)
  An ogre mage (Vaults:1)
  A death knight (Vaults:1)
  2 two-headed ogres (Vaults:1)
  A deep troll (Vaults:1)
  2 freezing wraiths (Vaults:1)
  A vampire mosquito (Swamp:4)
  An ogre (Vaults:1)
  A boggart (Vaults:1)
11 creatures vanquished.

Vanquished Creatures (others)
  A two-headed ogre (D:15)
  A human (D:13)
  A swamp worm (Swamp:4)
  A boggart (Vaults:1)
  An ogre (D:15)
  6 briar patches (Swamp:4)
  8 fungi
  25 plants
44 creatures vanquished.

Grand Total: 1738 creatures vanquished

Notes
Turn   | Place    | Note
-------+----------+-------------------------------------------
     0 | D:1      | catzilla the Minotaur Berserker began the quest for the
                  | Orb.
     0 | D:1      | Reached XP level 1. HP: 19/19 MP: 0/0
    20 | D:1      | Reached XP level 2. HP: 21/27 MP: 1/1
   632 | D:2      | Reached ** piety under Trog
   632 | D:2      | Reached XP level 3. HP: 31/33 MP: 2/2
   898 | D:2      | Reached XP level 4. HP: 40/40 MP: 3/3
   903 | D:2      | Found a hide-covered altar of Uskayaw.
   904 | D:2      | Found a stormy altar of Qazlal.
  1075 | D:2      | Found a sparkling altar of Nemelex Xobeh.
  1384 | D:3      | You fall into a shaft and drop 3 floors!
  1424 | D:6      | Noticed an orc warrior
  1462 | D:6      | Killed an orc warrior
  1462 | D:6      | Reached skill level 5 in Axes
  1462 | D:6      | Reached XP level 5. HP: 25/47 MP: 4/4
  1465 | D:6      | Reached skill level 5 in Fighting
  1691 | D:6      | Found a staircase to the Ecumenical Temple.
  1716 | D:6      | Found a runed translucent door.
  1717 | D:6      | Found a glowing golden altar of the Shining One.
  1717 | D:6      | Noticed an angel
  1733 | D:6      | Reached XP level 6. HP: 53/56 MP: 5/5
  1790 | D:6      | Found a shimmering blue altar of Sif Muna.
  1790 | D:6      | Found a blossoming altar of Fedhas.
  1797 | D:6      | Found an ornate altar of the Wu Jian Council.
  1799 | D:6      | Found a radiant altar of Vehumet.
  1801 | D:6      | Found a white marble altar of Elyvilon.
  1820 | D:6      | Found Zautzeac's Distillery.
  1823 | D:6      | Bought a potion of degeneration for 15 gold pieces
  1917 | D:6      | Reached *** piety under Trog
  1947 | D:5      | Entered Level 5 of the Dungeon
  1963 | D:5      | Reached XP level 7. HP: 35/61 MP: 6/6
  2000 | D:5      | Found a glowing drain.
  2017 | Sewer    | Entered a sewer
  2431 | Sewer    | Got a bound graven amulet
  2433 | Sewer    | Identified the amulet of Zuocuh {Acrobat Str+6 Dex-2} (You
                  | found it in a sewer)
  2652 | D:5      | Found a snail-covered altar of Cheibriados.
  2740 | D:4      | Found a glowing golden altar of the Shining One.
  2880 | D:3      | Reached **** piety under Trog
  2880 | D:3      | Reached skill level 5 in Armour
  3535 | D:5      | Reached XP level 8. HP: 71/71 MP: 7/7
  4515 | D:7      | Reached skill level 10 in Axes
  5107 | D:8      | Found a sand-covered staircase.
  5146 | Ossuary  | Entered an ossuary
  5214 | Ossuary  | Reached XP level 9. HP: 79/79 MP: 8/8
  5233 | Ossuary  | Reached ***** piety under Trog
  5233 | Ossuary  | Received a gift from Trog
  6229 | D:9      | Noticed Maggie
  6238 | D:9      | Killed Maggie
  6281 | D:9      | Noticed a two-headed ogre
  6295 | D:9      | Killed a two-headed ogre
  6295 | D:9      | Reached XP level 10. HP: 81/88 MP: 9/9
  6414 | D:9      | Found a sacrificial altar of Ru.
  6432 | D:9      | Received a gift from Trog
  6433 | D:9      | Found the +8 mithril axe "Arga" {speed, MR+}
  6445 | D:9      | Reached skill level 15 in Axes
  7261 | D:10     | Entered Level 10 of the Dungeon
  7530 | D:10     | Got a fine mace
  7532 | D:10     | Reached skill level 1 in Shields
  7539 | D:10     | Identified the +9 mace of Gyqycoub {venom, rPois rF+ rN+
                  | Dex+2} (You found it on level 10 of the Dungeon)
  8004 | D:10     | Reached XP level 11. HP: 97/97 MP: 10/10
  8062 | D:10     | Found a staircase to the Lair.
  8065 | D:10     | Reached skill level 2 in Shields
  8347 | D:10     | Received a gift from Trog
  8453 | D:11     | Identified the +2 hand axe "Torir" {elec, rElec MR+ Int-3
                  | SInv}
  8520 | D:11     | Noticed a cyan ugly thing
  8525 | D:11     | Killed a cyan ugly thing
  8525 | D:11     | Reached skill level 3 in Shields
  8774 | D:11     | Noticed a two-headed ogre
  8780 | D:11     | Killed a two-headed ogre
  8781 | D:11     | Found a glowing golden altar of the Shining One.
  8820 | D:11     | Noticed a four-headed hydra
  8837 | D:11     | Killed a four-headed hydra
  9529 | D:12     | Reached skill level 4 in Shields
  9596 | D:12     | Reached skill level 10 in Fighting
  9632 | D:12     | Reached skill level 1 in Maces & Flails
  9641 | D:12     | Noticed a deep elf mage
  9659 | D:12     | Killed a deep elf mage
  9706 | D:12     | Reached XP level 12. HP: 105/106 MP: 11/11
  9745 | D:12     | You fall into a shaft and drop 3 floors!
  9745 | D:15     | Entered Level 15 of the Dungeon
  9745 | D:15     | Noticed Josephine
  9747 | D:15     | Noticed a two-headed ogre
  9747 | D:15     | Noticed a two-headed ogre
  9747 | D:15     | Noticed a two-headed ogre
  9749 | D:15     | Noticed an ogre mage
  9755 | D:15     | Noticed a two-headed ogre
  9759 | D:15     | Killed a two-headed ogre
  9759 | D:15     | Reached skill level 5 in Shields
  9762 | D:15     | Found a staircase to the Depths.
  9762 | D:15     | Noticed a dire elephant
  9769 | D:15     | Noticed a great orb of eyes
  9769 | D:15     | Noticed an eight-headed hydra
  9794 | D:15     | Killed a dire elephant
  9815 | D:15     | Killed a great orb of eyes
  9815 | D:15     | Reached skill level 6 in Shields
  9888 | D:15     | Killed an ogre mage
  9891 | D:15     | Killed a two-headed ogre
  9891 | D:15     | Reached skill level 10 in Armour
  9891 | D:15     | Reached skill level 7 in Shields
  9898 | D:15     | Killed a two-headed ogre
  9906 | D:15     | Killed Josephine
  9932 | D:15     | Killed a two-headed ogre
  9932 | D:15     | Reached skill level 8 in Shields
 10238 | D:15     | Found a glowing golden altar of the Shining One.
 10258 | D:14     | Found Jaj Mel's Antique Weapon Boutique.
 10477 | D:12     | Got an ancient mace
 10543 | D:12     | Reached skill level 9 in Shields
 10557 | D:12     | Received a gift from Trog
 10788 | D:12     | Found a staircase to the Orcish Mines.
 11260 | D:13     | Found Qucymn's Jewellery Emporium.
 11282 | D:13     | Reached skill level 10 in Shields
 11320 | D:13     | Noticed a centaur warrior
 11325 | D:13     | Killed a centaur warrior
 11325 | D:13     | Reached XP level 13. HP: 96/113 MP: 12/12
 11589 | D:13     | Received a gift from Trog
 11791 | D:13     | Reached skill level 11 in Shields
 11895 | D:13     | Found a gate to the Vaults.
 11924 | D:13     | Got a shimmering tower shield
 11935 | D:13     | Identified the +11 tower shield of Aqisesm {rElec} (You
                  | found it on level 13 of the Dungeon)
 12090 | D:14     | Found Ohefaj's Magic Scroll Emporium.
 12100 | D:14     | Found Wodat's Book Emporium.
 12147 | D:14     | Reached skill level 12 in Shields
 12178 | D:14     | Found Dufath's Book Emporium.
 12311 | D:14     | Found Zakaunkoku's Distillery.
 12325 | D:14     | Bought a potion of heal wounds for 55 gold pieces
 12387 | D:14     | Reached skill level 13 in Shields
 12505 | D:14     | Found a basalt altar of Yredelemnul.
 13027 | D:14     | Got a scorched mace
 13028 | D:14     | Identified the +5 mace "Lugereu" {freeze, rN+ MR+ SInv}
                  | (You found it on level 14 of the Dungeon)
 13086 | D:15     | Reached skill level 14 in Shields
 13164 | D:15     | Received a gift from Trog
 13304 | D:15     | Reached XP level 14. HP: 105/121 MP: 13/13
 13816 | Lair:1   | Entered Level 1 of the Lair of Beasts
 13902 | Lair:1   | Noticed Grum
 13919 | Lair:1   | Killed Grum
 13971 | Lair:1   | Lost intelligence.
 13971 | Lair:1   | Identified the +6 mace "Denifit" {elec, rElec rF- Str+6
                  | Int-5 Stlth+} (You found it on level 12 of the Dungeon)
 14066 | Lair:1   | Reached skill level 15 in Shields
 14544 | Lair:1   | Found a blossoming altar of Fedhas.
 15448 | Lair:2   | Received a gift from Trog
 16759 | Lair:4   | Found a staircase to the Swamp.
 16917 | Lair:4   | Reached skill level 16 in Shields
 17046 | Lair:4   | Reached skill level 5 in Dodging
 17239 | Lair:4   | Found a hole to the Spider Nest.
 17827 | Lair:5   | Received a gift from Trog
 17905 | Lair:5   | Reached skill level 5 in Maces & Flails
 18049 | Lair:5   | Found a dark tunnel.
 18250 | Lair:6   | Entered Level 6 of the Lair of Beasts
 18251 | Lair:6   | Found a staircase to the Slime Pits.
 18479 | Lair:6   | Reached skill level 17 in Shields
 18613 | Lair:6   | Reached XP level 15. HP: 86/126 MP: 14/14
 18642 | Lair:6   | Received a gift from Trog
 19054 | Lair:6   | Received a gift from Trog
 19406 | Lair:6   | Reached skill level 18 in Shields
 19665 | Lair:6   | Found a runed translucent door.
 20088 | Spider:1 | Entered Level 1 of the Spider Nest
 20153 | Spider:1 | Noticed a ghost moth
 20160 | Spider:1 | Killed a ghost moth
 21439 | Spider:2 | Received a gift from Trog
 21649 | Spider:2 | Reached skill level 19 in Shields
 22477 | Spider:3 | Noticed a ghost moth
 22491 | Spider:3 | Killed a ghost moth
 22584 | Spider:3 | Noticed a ghost moth
 22596 | Spider:3 | Killed a ghost moth
 22857 | Spider:3 | Reached XP level 16. HP: 134/134 MP: 15/15
 22874 | Spider:3 | Received a gift from Trog
 22997 | Spider:3 | Found the +4 moon troll leather armour {Spirit, Regen++
                  | MP+5}
 23522 | Spider:4 | Entered Level 4 of the Spider Nest
 23680 | Spider:4 | Reached skill level 20 in Shields
 24087 | Spider:4 | Reached skill level 10 in Maces & Flails
 24194 | Spider:4 | Received a gift from Trog
 24411 | Spider:4 | Reached skill level 21 in Shields
 24624 | Spider:4 | Got a gossamer rune of Zot
 25002 | Swamp:1  | Entered Level 1 of the Swamp
 25012 | Swamp:1  | Found a transporter.
 25209 | Swamp:1  | Received a gift from Trog
 25356 | Swamp:1  | Noticed a thorn hunter
 25378 | Swamp:1  | Killed a thorn hunter
 25387 | Swamp:1  | Reached XP level 17. HP: 137/140 MP: 16/16
 25449 | Swamp:1  | Found a transporter.
 26073 | Swamp:2  | Reached skill level 22 in Shields
 26161 | Swamp:2  | Noticed Jorgrun
 26188 | Swamp:2  | Killed Jorgrun
 26188 | Swamp:2  | Reached skill level 15 in Armour
 26500 | Swamp:2  | Received a gift from Trog
 26547 | Swamp:2  | Got an ichor-stained war axe {god gift}
 26548 | Swamp:2  | Identified the +2 war axe "Lieci" {antimagic, rF+} (Trog
                  | gifted it to you on level 2 of the Swamp)
 26663 | Swamp:2  | Noticed Donald
 26672 | Swamp:2  | Killed Donald
 27374 | Swamp:3  | Found a runed translucent door.
 27375 | Swamp:3  | Noticed Hamuuvek's ghost (adept KoAM)
 27377 | Swamp:3  | Identified the +3 spear of the Other Side {freeze, *Corrode
                  | rElec MP+9 Stlth+}
 28295 | Swamp:4  | Entered Level 4 of the Swamp
 28295 | Swamp:4  | Noticed Bai Suzhen
 28320 | Swamp:3  | Killed Bai Suzhen
 28348 | Swamp:4  | Reached skill level 23 in Shields
 28361 | Swamp:4  | Received a gift from Trog
 28374 | Swamp:4  | Got an ichor-stained morningstar {god gift}
 28379 | Swamp:4  | Identified the +9 morningstar "Veupeyda" {vorpal, rElec rF+
                  | SInv} (Trog gifted it to you on level 4 of the Swamp)
 29786 | Swamp:4  | Reached XP level 18. HP: 149/154 MP: 17/17
 29790 | Swamp:4  | Received a gift from Trog
 30029 | Swamp:4  | Got a decaying rune of Zot
 30356 | Orc:1    | Entered Level 1 of the Orcish Mines
 30356 | Orc:1    | Noticed Nergalle
 30368 | Orc:1    | Killed Nergalle
 30416 | Orc:1    | Received a gift from Trog
 30573 | Orc:1    | Found Helotevo's Book Boutique.
 30773 | Orc:2    | Entered Level 2 of the Orcish Mines
 30931 | Orc:2    | Found a flickering gateway to a bazaar.
 30959 | Bazaar   | Entered a bazaar
 30981 | Bazaar   | Found Gutuviugetz's Gadget Emporium.
 31002 | Bazaar   | Found Quag's Antique Armour Shoppe.
 31034 | Bazaar   | Found Oskar's General Store.
 31045 | Bazaar   | Found Inufabb's Gadget Emporium.
 31056 | Bazaar   | Found Ciuter's Antique Weapon Emporium.
 31208 | Orc:2    | Found a staircase to the Elven Halls.
 31258 | Orc:2    | Found Tucus's Magic Scroll Boutique.
 31265 | Orc:2    | Found Sourifod's Distillery.
 31324 | Orc:2    | Received a gift from Trog
 31589 | Orc:2    | Bought a scroll of torment for 112 gold pieces
 31696 | Orc:2    | Reached skill level 24 in Shields
 32041 | Orc:2    | Found Jualaymi's Antique Armour Emporium.
 32041 | Orc:2    | Found a one-way gate leading to the halls of Pandemonium.
 32041 | Orc:2    | Found Nunauq's Gadget Shoppe.
 32197 | Vaults:1 | Entered Level 1 of the Vaults
 32698 | Vaults:1 | Received a gift from Trog
 33503 | Vaults:1 | Received a gift from Trog
 33711 | Vaults:1 | Reached XP level 19. HP: 141/168 MP: 18/18
 33889 | Vaults:1 | Found Xyreim's Gadget Shoppe.
 34092 | Vaults:1 | Reached skill level 25 in Shields
 34686 | Vaults:1 | Reached skill level 15 in Fighting
 34784 | Vaults:1 | Received a gift from Trog
 35542 | Vaults:2 | Received a gift from Trog
 35555 | Vaults:2 | Gained mutation: You have an increased reservoir of magic.
                  | (+10% MP) [a shining eye]
 35558 | Vaults:2 | Gained mutation: You are frail. (-10% HP) [a shining eye]
 36608 | Vaults:3 | Received a gift from Trog
 36624 | Vaults:3 | Found a staircase to the Crypt.
 36934 | Vaults:3 | Reached skill level 26 in Shields
 36934 | Vaults:3 | Reached XP level 20. HP: 165/165 MP: 21/21
 37102 | Vaults:3 | Found a magical portal.
 37225 | Vaults:3 | Received a gift from Trog
 38157 | Vaults:4 | Received a gift from Trog
 38275 | Vaults:4 | Noticed Xtahua
 38287 | Vaults:4 | Killed Xtahua
 39501 | Vaults:5 | Entered Level 5 of the Vaults
 39531 | Vaults:4 | Received a gift from Trog
 39566 | Vaults:4 | Reached skill level 27 in Shields
 39700 | Vaults:5 | Reached XP level 21. HP: 57/178 MP: 22/22
 39707 | Vaults:5 | Killed from afar by a storm dragon

Levels and vault maps discovered:
D:1:      lemuel_arrival_broad_hall, layout_basic
D:2:      minmay_skewed_foursquare, layout_basic,
          gammafunk_temple_overflow_pools, nemelex_xobeh_ov_fountains_minmay
D:3:      layout_basic, first_ration
D:4:      layout_rooms, overflow_temple_1_default
D:5:      layout_cave_pods, cheibrodos_sewer_entry_bend, cheibriados_altar_1
D:6:      layout_rooms, chequers_temple_overflow_minitemple,
          minmay_temple_entry_statues_fountains, serial_shops,
          nicolae_shop_window_shopping, lemuel_angel_altar
D:7:      layout_loops_corners
D:8:      layout_basic, nicolae_ossuary_entry_ruins,
          hangedman_little_slice_of_home, kennysheep_generic_room_7
D:9:      layout_long_grid, overflow_temple_1_default, uniq_maggie
D:10:     layout_cave_pods, grunt_lair_entry_orc_guard_hut
D:11:     layout_irregular_city, basic_altar, minivault_11, minmay_radiant
D:12:     minmay_the_grid_net [minmay_the_grid_empty,
          minmay_the_grid_small_cups, minmay_the_grid_rooms,
          minmay_the_grid_embedded, minmay_the_grid_zigzag_pyramid,
          minmay_the_grid_prize_trominoes], layout_irregular_city,
          hiddenorc1_lemuel
D:13:     layout_basic, ximxim_vaults_locker_room, serial_shops, shop
D:14:     layout_basic, serial_shops, nicolae_shop_stone, shop,
          nicolae_shop_stone, shop, nicolae_shop_behind_doors,
          yredelemnul_altar_generic, serial_bayou_pond_c,
          nicolae_straight_to_the_point
D:15:     hangedman_depths_entry_try_elsewhere_first, layout_loops_ring,
          basic_altar, uniq_josephine
Lair:1:   layout_chaotic_city, chequers_serial_rivers_small_3, tgw_fedhas,
          serial_bayou_shore_a, uniq_grum
Lair:2:   layout_hall_layers, special_room [special_room_bee]
Lair:3:   layout_roguey, kennysheep_abandoned_house
Lair:4:   layout_layer_cave, swamp_mist, nicolae_spider_entry_orb_guardian
Lair:5:   layout_cave_shapes, lightli_volcano_entry_magma_tube,
          hangedman_lair_unloving_vines, serial_bayou_shore_b,
          grunt_megastairs_2
Lair:6:   wormcave, layout_layer_cave, hangedman_lair_caniforms_friends,
          minmay_slime_entry_pillars
Swamp:1:  gammafunk_worm_tunnel, layout_falls_marsh, evilmike_swamp_ruin_wall
Swamp:2:  layout_basic_swamp, evilmike_swamp_ruin_house_2, uniq_donald,
          uniq_jorgrun
Swamp:3:  layout_basic_swamp, ebering_ghost_funeral_grove,
          evilmike_swamp_ruin_rubble_2, swamp_pool2
Swamp:4:  swamp_vile, layout_basic_swamp, swamp_pool3, uniq_bai_suzhen
Spider:1: layout_spider_delve
Spider:2: layout_spider_delve
Spider:3: layout_spider_delve
Spider:4: floodkiller_spider_rune_tomb
Orc:1:    layout_caves, serial_shops, shop, uniq_nergalle
Orc:2:    pf_orc_diabolical, layout_diamond_mine, serial_shops, bzr_entry_water
Vaults:1: nicolae_vaults_specimen_jars, nicolae_vaults_network_star,
          vaults_mumra_bighexcomb, nicolae_vaults_little_squares_6,
          v_alt_pattern_2, dpeg_vaults_monster_box, vaults_room_corners,
          grunt_vaults_funnel, nicolae_vaults_ring_of_whatevers,
          layout_vaults_quadrants, serial_shops, shop
Vaults:2: nicolae_vaults_circle_grid_a, v_alt_pattern_2,
          ontoclasm_vaults_ring_small, nicolae_vaults_big_angled_halls,
          v_alt_pattern_3, ontoclasm_vaults_idyll, v_misc_16, vaults_room_boxed,
          ontoclasm_vaults_shuriken, vaults_standard_mumra_x,
          hangedman_vaults_slice, layout_vaults_big_room
Vaults:3: minmay_crypt_entry_simple_round, hangedman_vaults_cutoff,
          nicolae_vaults_angled_halls, nicolae_vaults_diagonal_hallway_7,
          nicolae_vaults_little_squares_1, hangedman_vaults_stagger, v_misc_33,
          nicolae_vaults_mini_display_case, vaults_room_large_hall,
          vaults_room_grunt_arrival_ludios, hangedman_vaults_maws,
          nicolae_vaults_little_squares_5, st_lattice,
          vaults_room_stairs_pillars, layout_vaults_ring, mu_enter_wizlab_2
Vaults:4: v_rooms_4, ontoclasm_vaults_hangar, v_rooms_4, ontoclasm_vaults_spin,
          hangedman_vaults_maws, ontoclasm_vaults_decontamination,
          vaults_room_fours, nicolae_vaults_circle_grid_a,
          nicolae_vaults_shelves_hall, nicolae_vaults_little_squares_5,
          layout_vaults_omnicross, uniq_xtahua
Vaults:5

Skill      XL: |  1  2  3  4  5  6  7  8  9 10 11 12 13 14 15 16 17 18 19 20 |
---------------+-------------------------------------------------------------+-----
Axes           | 4 5 6 7 8 11 14 16 17 18 | 18.0
Fighting       | 4 5 6 7 8 9 10 11 14 17 19 | 19.4
Armour         | 3 4 5 6 7 8 11 12 13 14 15 16 | 16.9
Dodging        | 3 4 5 6 |  6.1
Shields        | 1 4 10 14 17 19 21 23 24 26 27 | 27.0
Maces & Flails | 1 2 6 9 11 | 11.6
Stealth        | |  0.2

Action                   |  1- 3 |  4- 6 |  7- 9 | 10-12 | 13-15 | 16-18 | 19-21 || total
-------------------------+-------+-------+-------+-------+-------+-------+-------++-------
Melee: Hand axe          |    75 |    23 |       |       |       |       |       ||    98
       Headbutt          |    12 |    15 |    54 |   112 |   277 |   405 |   293 ||  1168
       War axe           |       |    73 |   220 |       |       |       |       ||   293
       Executioner's axe |       |       |    95 |    27 |       |       |       ||   122
       Broad axe         |       |       |       |   475 |  1308 |  1558 |   908 ||  4249
       Mace              |       |       |       |     5 |       |    15 |       ||    20
Invok: Berserk           |       |     1 |       |     1 |       |     1 |       ||     3
       Trog's Hand       |       |       |     1 |     2 |     1 |       |     1 ||     5
       Brothers in Arms  |       |       |       |     1 |       |     3 |     2 ||     6
  Use: Scroll            |     3 |     2 |    15 |     6 |    20 |    15 |       ||    61
       Potion            |       |       |       |     1 |     2 |     4 |     4 ||    11
  Eat: Chunk             |       |     4 |    12 |    19 |    27 |    21 |    16 ||    99
       Ration            |       |       |     1 |       |     3 |     5 |     1 ||    10
Armor: Chain mail        |    39 |    27 |       |       |       |       |       ||    66
       Plate armour      |       |    32 |   167 |   122 |   171 |   283 |    85 ||   860
Dodge: Dodged            |    40 |    50 |   164 |    95 |   117 |   236 |    97 ||   799
Block: Tower shield      |       |       |       |   261 |  1074 |  1702 |   831 ||  3868

Table legend:
 A = Non-vault XP
 B = Vault XP
 C = Vault XP percentage of total XP
 D = Non-vault monster count
 E = Vault monster count
 F = Vault count percentage of total count
                 A         B        C        D         E       F
            +---------+---------+-------+---------+---------+-------
      Total |  331992 |  256770 |  43.6 |    1112 |     578 |  34.2
            +---------+---------+-------+---------+---------+-------
        D:1 |      40 |       0 |   0.0 |      20 |       0 |   0.0
        D:2 |      74 |       9 |  10.8 |      21 |       3 |  12.5
        D:3 |      71 |       0 |   0.0 |      25 |       0 |   0.0
        D:4 |     153 |       0 |   0.0 |      11 |       0 |   0.0
        D:5 |     632 |       5 |   0.8 |      18 |       1 |   5.3
        D:6 |     427 |       0 |   0.0 |      19 |       0 |   0.0
        D:7 |     843 |       0 |   0.0 |      18 |       0 |   0.0
        D:8 |     985 |     294 |  23.0 |      24 |       9 |  27.3
        D:9 |    4275 |     379 |   8.1 |      47 |       1 |   2.1
       D:10 |    2563 |     621 |  19.5 |      39 |       6 |  13.3
       D:11 |    5088 |     158 |   3.0 |      19 |       2 |   9.5
       D:12 |    4495 |    5354 |  54.4 |      43 |      47 |  52.2
       D:13 |    6374 |   10243 |  61.6 |      37 |      17 |  31.5
       D:14 |   12126 |       0 |   0.0 |      29 |       0 |   0.0
       D:15 |   10944 |    5643 |  34.0 |      27 |      10 |  27.0
     Lair:1 |    3899 |     431 |  10.0 |      17 |       3 |  15.0
     Lair:2 |    2388 |    1823 |  43.3 |      13 |      25 |  65.8
     Lair:3 |    2210 |     435 |  16.4 |      15 |      17 |  53.1
     Lair:4 |    8007 |     547 |   6.4 |      33 |       1 |   2.9
     Lair:5 |    5068 |     617 |  10.9 |      18 |       2 |  10.0
     Lair:6 |   11932 |   17838 |  59.9 |      38 |      77 |  67.0
    Swamp:1 |   15661 |       0 |   0.0 |      33 |       0 |   0.0
    Swamp:2 |   18730 |    5250 |  21.9 |      41 |       2 |   4.7
    Swamp:3 |   18290 |    5747 |  23.9 |      36 |       2 |   5.3
    Swamp:4 |   21152 |   21143 |  50.0 |      44 |      30 |  40.5
   Spider:1 |    9161 |       0 |   0.0 |      29 |       0 |   0.0
   Spider:2 |   10178 |       0 |   0.0 |      29 |       0 |   0.0
   Spider:3 |   16309 |       0 |   0.0 |      46 |       0 |   0.0
   Spider:4 |   11637 |   33843 |  74.4 |      34 |      71 |  67.6
      Orc:1 |    3636 |     804 |  18.1 |      49 |       1 |   2.0
      Orc:2 |    1778 |   18692 |  91.3 |      26 |      64 |  71.1
   Vaults:1 |   42725 |   19192 |  31.0 |      81 |      30 |  27.0
   Vaults:2 |   33268 |   15294 |  31.5 |      62 |      22 |  26.2
   Vaults:3 |   17437 |   33797 |  66.0 |      29 |      44 |  60.3
   Vaults:4 |   24680 |   42588 |  63.3 |      34 |      45 |  57.0
   Vaults:5 |    4756 |   15059 |  76.0 |       8 |      13 |  61.9
      Sewer |       0 |     234 | 100.0 |       0 |      18 | 100.0
    Ossuary |       0 |     730 | 100.0 |       0 |      15 | 100.0
            +---------+---------+-------+---------+---------+-------
